 Dungeon Crawl Stone Soup version 0.28-a0-793-g31680bbd8b (webtiles) character file.

Game seed: 14126960517370119390

163 HoaS the Twirler (level 5, 0/30 HPs)
             Began as a Gargoyle Gladiator on Nov 3, 2021.
             Killed from afar by an orc wizard (2 damage)
             ... with a magic dart
             ... on level 3 of the Dungeon.
             The game lasted 00:05:44 (2981 turns).

HoaS the Twirler (Gargoyle Gladiator)               Turns: 2981, Time: 00:05:44

Health: 0/30       AC:  8    Str: 18    XL:     5   Next: 44%
Magic:  5/5        EV: 12    Int:  9    God:
Gold:   133        SH:  0    Dex: 11    Spells: 4/4 levels left

rFire   . . .      SeeInvis .   a - +0 quarterstaff
rCold   . . .      Faith    .   (shield currently unavailable)
rNeg    + . .      Spirit   .   b - +0 leather armour
rPois   ∞          Reflect  .   c - +0 helmet
rElec   +          Harm     .   (no cloak)
rCorr   .          Rampage  .   (no gloves)
Will    .....                   (no boots)
Stlth   +.........              (no amulet)
HPRegen 0.10/turn               (no ring)
MPRegen 0.09/turn               (no ring)

@: no status effects
A: sickness immunity, AC +4, negative energy resistance 1, electricity
resistance, torment resistance 1, petrification resistance
a: no special abilities


You were on level 3 of the Dungeon.
You visited 1 branch of the dungeon, and saw 4 of its levels.

You collected 133 gold pieces.

Inventory:

Hand Weapons
 a - a +0 quarterstaff (weapon)
Missiles
 d - 3 throwing nets (quivered)
 h - 6 javelins
 j - 6 boomerangs
Armour
 b - a +0 leather armour (worn)
 c - a +0 helmet (worn)
Scrolls
 f - 2 scrolls of identify {unknown}
 i - 2 scrolls of immolation {unknown}
Potions
 e - a potion of resistance {unknown}
 g - a potion of brilliance {unknown}
 k - a potion of might {unknown}
 l - 2 potions of heal wounds {unknown}


   Skills:
 - Level 2.1 Fighting
 * Level 6.0 Staves
 - Level 1.7 Throwing
 - Level 2.4 Dodging


You had 4 spell levels left.
You didn't know any spells.
Your spell library was empty.

Dungeon Overview and Level Annotations

Branches:
Dungeon (4/15)
 Temple: D:4-7

Altars:


Innate Abilities, Weirdness & Mutations

You are immune to sickness and miasma.
Your stone body is resilient. (AC +4)
You are immune to poison.
You resist negative energy. (rN+)
You are resistant to electric shocks. (rElec)
You are resistant to unholy torment.
You are immune to petrification.


Message History

An orc wizard comes into view. It is wielding a +0 dagger.
The orc wizard shouts!
There is a stone staircase leading up here.
The orc hits you with a +0 short sword.
The orc wizard hits you but does no damage.
You climb upwards.
There is a stone staircase leading down here.
The orc wizard hits you but does no damage.
The orc wizard gestures wildly while chanting.
The orc wizard flickers and vanishes!
Deactivating autopickup; reactivate with Ctrl-A.
You closely miss the orc. The orc barely misses you.
You closely miss the orc. You sock something!
You hear some strange, mumbled words.
A magic dart appears from out of thin air!
The magic dart hits you.
You closely miss something.
You hear some strange, mumbled words.
A puff of flame appears from out of thin air!
The puff of flame misses you.
You barely miss something. Something hits you.
You hit something.
You hear some strange, mumbled words.
A puff of flame appears from out of thin air!
The puff of flame hits you.
You hit something. Something hits you but does no damage.
You miss something.
You hear some strange, mumbled words.
A magic dart appears from out of thin air!
The magic dart hits you!
* * * LOW HITPOINT WARNING * * *
You hit something but do no damage. Something hits you but does no damage.
You miss something. Something hits you.
* * * LOW HITPOINT WARNING * * *
You miss something.
You hear some strange, mumbled words.
A magic dart appears from out of thin air!
The magic dart hits you.
You die...

###.......#.###.# #.#
#.#####.#.###.####.# #.#
#.#.##....##.#
###.#####.#.##....##.#
#.........#.#.....##.#
###.#.#####.#.....##.#
###.#.#####.#.....##.#######
#...........#>..............
###.#.#####@#.....##.#.#####
#.#.#####{#.#..###.#.#####
#........o................
#.#.#####.................
###.#..........###.#.#####
#...................#
#.####.##.....###.#.###
#.#....>..............#
#.########.#..###.#.###


You could see an orc.

Vanquished Creatures
  A scorpion (D:4)
  An orc wizard (D:3)
  2 adders
  4 dart slugs
  3 orcs (D:3)
  6 ball pythons
  3 endoplasms
  2 giant cockroaches
  3 goblins
  4 hobgoblins
  4 jackals (D:3)
  3 quokkas
  4 bats (D:1)
  5 frilled lizards
  4 kobolds
  7 rats
56 creatures vanquished.

Vanquished Creatures (others)
  A plant (D:1)
1 creature vanquished.

Grand Total: 57 creatures vanquished

Notes
Turn   | Place    | Note
-------+----------+-------------------------------------------
     0 | D:1      | HoaS the Gargoyle Gladiator began the quest for the Orb.
     0 | D:1      | Reached XP level 1. HP: 12/12 MP: 1/1
   406 | D:1      | Found a faded altar of an unknown god.
   409 | D:1      | Reached XP level 2. HP: 17/17 MP: 2/2
   680 | D:1      | Reached skill level 4 in Staves
   834 | D:1      | Reached XP level 3. HP: 17/21 MP: 3/3
  2060 | D:3      | Reached XP level 4. HP: 23/26 MP: 4/4
  2171 | D:3      | Reached skill level 5 in Staves
  2903 | D:4      | Noticed a scorpion
  2912 | D:4      | Killed a scorpion
  2913 | D:4      | Reached XP level 5. HP: 28/30 MP: 5/5
  2946 | D:4      | Reached skill level 6 in Staves
  2981 | D:3      | Killed from afar by an orc wizard

Illustrated notes

Levels and vault maps discovered:
D:1:      amcnicky_arrival_abandoned_market, layout_loops_ring,
          dreamdust_ecumenical_altar_grove, minmay_misc_feat_room
D:2:      layout_basic, kennysheep_generic_room_10
D:3:      layout_basic
D:4:      layout_cave_pods, mainiacjoe_overflow_chevrons,
          minmay_temple_entry_antechambers, feat_on_display, uniq_blork_the_orc

Skill      XL: |  1  2  3  4  5 |
---------------+----------------+-----
Staves         | 4 5 6 |  6.0
Fighting       | |  2.1
Throwing       | |  1.7
Dodging        | |  2.4

Action                   |  1- 3 |  4- 6 || total
-------------------------+-------+-------++-------
Melee: Quarterstaff      |   136 |    61 ||   197
Throw: Javelin           |       |     4 ||     4
Armor: Leather armour    |    61 |    15 ||    76
Dodge: Dodged            |    98 |    28 ||   126

Table legend: (Time is in decaauts)
 A = Elapsed time spent in this place.
 B = Non-inter-level travel time spent in this place.
 C = Inter-level travel time spent in this place.
 D = Time resting spent in this place.
 E = Time spent auto-exploring this place.
 F = Levels seen in this place.
 G = Mean time per level.
                   A        B        C        D        E       F      G
               +--------+--------+--------+--------+--------+-----+--------+
         Total |   3000 |   2940 |     60 |    764 |   1669 |   4 |  750.0 |
       Dungeon |   3000 |   2940 |     60 |    764 |   1669 |   4 |  750.0 |
               +--------+--------+--------+--------+--------+-----+--------+

Top non-repeatable levels by time:
     D:3: 1086 daAuts
     D:1: 1079 daAuts
     D:2: 771 daAuts
     D:4: 63 daAuts
